 Dungeon Crawl Stone Soup version 0.32-a0-39-g5c88369fb2 (webtiles) character file.

Game seed: 497955198160207216

14640 Ge0ff the Thaumaturge (level 11, -1/77 HPs)
             Began as a Mummy Cinder Acolyte on Jan 31, 2024.
             Was an Initiate of Ignis.
             Slain by an elephant (12 damage)
             ... on level 1 of the Lair of Beasts.
             The game lasted 00:22:14 (13838 turns).

Ge0ff the Thaumaturge (Mummy Cinder Acolyte)       Turns: 13838, Time: 00:22:14

Health: -1/77      AC: 16    Str: 18    XL:     11   Next: 91%
Magic:  1/26       EV: 16    Int: 17    God:    Ignis [......]
Gold:   364        SH:  4    Dex:  8    Spells: 14/33 levels left

rFire   . . .        a - +1 spear (vamp)
rCold   + . .        K - +0 buckler
rNeg    + + +        D - +0 steam dragon scales
rPois   ∞            G - +1 helmet of the Foremost Knaves {rCorr Slay+5}
rElec   .            k - +2 cloak {rPois}
rCorr   +            O - +2 pair of gloves
SInv    .            J - +2 pair of boots {rampage}
Will    +....        (no amulet)
Stlth   ++           N - +5 ring of evasion
HPRegen 0.32/turn    l - ring of flight
MPRegen 0.20/turn

%: rampage, faith
@: about to teleport, flying
A: cold resistance 1, negative energy resistance 3, torment resistance 2, heat
vulnerability 1, in touch with death 1, no potions, faith
a: Renounce Religion, Rising Flame


You were on level 1 of the Lair of Beasts.
You worshipped Ignis.
Ignis was noncommittal.
You visited 3 branches of the dungeon, and saw 11 of its levels.
You also visited: Bailey.

You collected 796 gold pieces.
You spent 432 gold pieces at shops.

Inventory:

Hand Weapons
 a - a +1 vampiric spear (weapon)
 A - a +1 heavy spear
 C - a -1 spear of flaming
 H - a +2 triple crossbow of freezing
 L - a +1 dagger of draining
 W - a +3 whip of distortion
 X - a +2 whip of electrocution
 Z - a +0 trident
Missiles
 M - 50 stones
 R - 6 boomerangs
 U - 18 poisoned darts
 Y - 5 atropa-tipped darts
Armour
 k - a +2 cloak of poison resistance (worn)
 z - +0 acid dragon scales
 D - +0 steam dragon scales (worn)
 G - the +1 helmet of the Foremost Knaves (worn) {rCorr Slay+5}
   (You found it on level 9 of the Dungeon)

   Slay+5:    It affects your accuracy & damage with ranged weapons and melee
   (+5).
   rCorr:     It protects you from acid and corrosion.
 J - a +2 pair of boots of rampaging (worn)
 K - a +0 buckler (worn)
 O - a +2 pair of gloves (worn)
 Q - a +2 hat
Jewellery
 h - a ring of protection from cold
 l - a ring of flight (right hand)
 N - a +5 ring of evasion (left hand)
Wands
 d - a wand of digging (4)
 f - a wand of flame (31)
 P - a wand of polymorph (10)
Scrolls
 i - 2 scrolls of identify
 m - a scroll of revelation
 B - a scroll of blinking
 E - a scroll of fear
 F - a scroll of fog
 I - a scroll of enchant armour
 S - a scroll of butterflies
 T - 5 scrolls of teleportation
 V - a scroll of amnesia


   Skills:
 - Level 4.0 Fighting
 + Level 2.4 Polearms
 - Level 1.0 Throwing
 - Level 1.0 Armour
 - Level 1.0 Dodging
 - Level 2.0 Stealth
 + Level 4.0 Shields
 + Level 11.5 Spellcasting
 * Level 5.4 Conjurations
 + Level 9.8 Fire Magic
 * Level 5.4 Air Magic
 - Level 3.0 Earth Magic
 - Level 3.0 Evocations


You had 14 spell levels left.
You knew the following spells:

 Your Spells              Type           Power      Damage    Failure   Level
k - Stone Arrow           Conj/Erth      48%        3d10      4%          3
m - Plasma Beam           Fire/Air       17%        2x1d29    52%         6
s - Arcjolt               Conj/Air       14%        1d24      28%         5
w - Passwall              Erth           20%        N/A       9%          3
C - Scorch                Fire           86%        2d8       1%          2

Your spell library contained the following spells:

 Spells                   Type           Power      Damage    Failure   Level
 Sandblast                Erth           40%        2d10      2%          1
 Kiss of Death            Conj/Necr      100%       2d13      3%          1
 Brom's Barrelling Bould  Conj/Erth      24%        2d5       16%         4
 Call Canine Familiar     Summ           9%         N/A       28%         3
 Confusing Touch          Hex            9%         N/A       28%         3
 Sigil of Binding         Hex            9%         N/A       28%         3
 Tukima's Dance           Hex            9%         N/A       28%         3
 Vhi's Electric Charge    Tloc/Air       38%        N/A       30%         4
 Animate Armour           Summ/Erth      28%        N/A       45%         4
 Dimensional Bullseye     Hex/Tloc       4%         N/A       67%         4
 Dispel Undead            Necr           14%        3d10      67%         4
 Passage of Golubria      Tloc           9%         N/A       67%         4
 Summon Forest            Summ/Tloc      4%         N/A       95%         5
 Yara's Violent Unravell  Hex/Alch       4%         3d4       95%         5
 Eringya's Noxious Bog    Alch           4%         4d6       100%        6
 Summon Hydra             Summ           4%         N/A       100%        7
 Lehudib's Crystal Spear  Conj/Erth      12%        10d4      100%        8


Dungeon Overview and Level Annotations

Branches:
Dungeon (9/15) Zot: 24548  Temple (1/1) D:6 Zot: 5739    Lair (1/5) D:9 Zot: 5233
 Bailey (visited)
    Orc: D:9-12

Altars:
Ashenzari
Cheibriados
Dithmenos
Fedhas
Gozag
Hepliaklqana
Makhleb
Nemelex Xobeh
Okawaru
Qazlal
Ru
Sif Muna
Trog
Uskayaw
Vehumet
Wu Jian
Xom
Yredelemnul

Shops:
D:7 *

Annotations:
D:6 3 runed translucent doors, exclusion: 3 doors, Essalna's ghost, novice GrEE; kal9871's ghost, novice FoAl
Lair:1 3 runed translucent doors, Gargoyl's ghost, journeyman GrBe


Innate Abilities, Weirdness & Mutations

You are immune to poison.
Your flesh is cold resistant. (rC+)
You are immune to negative energy. (rN+++)
You are immune to unholy pain and torment.
You are vulnerable to heat. (rF-)
You are in touch with the powers of death.
You do not drink.
You have a special connection with the divine. (Faith)


Message History

Casting: Scorch (safe; 1% risk of failure)
Confirm with . or Enter, or press ? or * to list all spells.
Flames lash the wolf but do no damage.
You block the wolf's attack. The elephant tramples you.
* * * LOW HITPOINT WARNING * * *
You are shoved backwards!
Aiming: Bolt of Light
Press: ? - help, Shift-Dir - straight line The bolt of light hits the elephant!
The elephant is heavily wounded.
The elephant is blinded.
The bolt of light misses the wolf.
The now-empty wand crumbles to dust.
The elephant barely misses you. The elephant closely misses you.
The wolf bites you but does no damage.
You hit the elephant.
The elephant is heavily wounded.
The wolf is no longer more vulnerable to fire.
The wolf misses you. The wolf completely misses you.
The elephant misses you. x2
The wolf closely misses you.
Casting: Scorch (safe; 1% risk of failure)
Confirm with . or Enter, or press ? or * to list all spells.
Flames lash the wolf.
The wolf is almost dead.
The wolf's fire resistance burns away.
The wolf barely misses you. The wolf bites you but does no damage.
The wolf bites you.
* * * LOW HITPOINT WARNING * * *
The elephant barely misses you.
The elephant trunk-slaps you but does no damage.
You closely miss the wolf.
The wolf is almost dead.
The wolf bites you but does no damage. You block the wolf's attack.
The wolf bites you but does no damage. The wolf closely misses you.
You barely miss the wolf.
The wolf is almost dead.
The wolf is no longer more vulnerable to fire.
The wolf completely misses you. You block the wolf's attack.
The wolf bites you but does no damage. The wolf closely misses you.
You closely miss the wolf.
The wolf is almost dead.
The wolf is no longer more vulnerable to fire.
The wolf misses you. The wolf bites you but does no damage.
The elephant tramples you.
* * * LOW HITPOINT WARNING * * *
You are shoved backwards!
As you read the scroll of teleportation, it crumbles to dust.
You feel strangely unstable.
The elephant is no longer blind.
The elephant is no longer more vulnerable to fire.
The wolf barely misses you. The wolf bites you.
* * * LOW HITPOINT WARNING * * *
The elephant tramples you!
You die...

.
...................#..##.
......######
#..†........# #....#.#
##†#......... ###.###
#.##........ ##
#...#.......
##...........
#.....$P#....
#hYh...##.... #.@.....#
... #.....$## .: ###P...#
#####


You could see an elephant and 2 wolves.

Vanquished Creatures
  2 two-headed ogres (D:9)
  An orc knight (Bailey)
  Pikel (D:4)
  4 elephants
  7 cane toads (Lair:1)
  2 komodo dragons
  A slime creature (D:9)
  Sigmund (D:6)
  2 wyverns
  A vampire (D:9)
  A basilisk (Lair:1)
  A shadow (D:9)
  11 yaks
  2 steam dragons
  Grum (D:9)
  2 acid dragons (D:9)
  A water moccasin (Lair:1)
  Duvessa (D:6)
  A black bear (D:6)
  9 orc warriors
  An ice beast (D:7)
  6 ogres
  11 wolves
  A phantom (D:4)
  4 centaurs
  2 lemures (D:4)
  2 kobold brigands (D:9)
  7 bullfrogs
  A gnoll sergeant (D:7)
  6 scorpions
  6 wights
  10 killer bees
  Dowan (D:6)
  4 jellies
  2 howler monkeys (D:9)
  A bombardier beetle (D:6)
  2 orc priests
  A hound (D:6)
  4 iguanas
  2 sleepcaps
  5 orc wizards
  4 gnolls
  6 adders
  A white imp (D:7)
  4 ufetubi
  A dart slug (D:2)
  A ribbon worm (D:2)
  34 orcs
  8 endoplasms
  6 giant cockroaches
  9 goblins
  9 hobgoblins
  4 jackals (D:1)
  2 quokkas
  2 ball pythons
  12 bats
  5 frilled lizards
  4 kobolds
  4 rats
247 creatures vanquished.

Vanquished Creatures (others)
  A yak (D:9)
  67 foxfires
68 creatures vanquished.

Grand Total: 315 creatures vanquished

Notes
Turn   | Place    | Note
-------+----------+-------------------------------------------
     0 | D:1      | Ge0ff the Mummy Cinder Acolyte began the quest for the Orb.
     0 | D:1      | Reached XP level 1. HP: 18/18 MP: 2/2
   220 | D:1      | Reached XP level 2. HP: 24/24 MP: 4/4
   223 | D:1      | Learned a level 2 spell: Scorch
   237 | D:1      | Reached skill level 2 in Spellcasting
   332 | D:1      | Reached skill level 1 in Stealth
   522 | D:1      | You fall into a shaft and drop 1 floor!
   691 | D:2      | Reached XP level 3. HP: 29/29 MP: 1/6
  1669 | D:3      | Reached XP level 4. HP: 28/35 MP: 3/8
  1717 | D:3      | Reached skill level 3 in Spellcasting
  1868 | D:3      | Identified the +0 leather armour of the Imp {rF+++ rN+
                  | Int-3}
  2512 | D:4      | Noticed a phantom
  2527 | D:4      | Killed a phantom
  2528 | D:4      | Reached skill level 4 in Spellcasting
  2528 | D:4      | Reached XP level 5. HP: 25/41 MP: 2/11
  2685 | D:4      | Noticed an ogre
  2693 | D:4      | Killed an ogre
  2694 | D:4      | Reached XP level 6. HP: 33/47 MP: 1/13
  2920 | D:4      | Reached skill level 5 in Spellcasting
  2924 | D:4      | Learned a level 3 spell: Passwall
  2928 | D:4      | Learned a level 3 spell: Stone Arrow
  3228 | D:4      | Found a hide-covered altar of Uskayaw.
  3348 | D:4      | Noticed Pikel
  3359 | D:4      | Killed Pikel
  3360 | D:4      | Reached skill level 7 in Spellcasting
  3360 | D:4      | Reached skill level 5 in Fire Magic
  3360 | D:4      | Reached XP level 7. HP: 52/52 MP: 12/17
  3640 | D:5      | Entered Level 5 of the Dungeon
  3756 | D:5      | Noticed a yak
  3758 | D:5      | Noticed a yak
  3763 | D:5      | Reached XP level 8. HP: 58/58 MP: 8/19
  3963 | D:5      | Reached skill level 8 in Spellcasting
  4588 | D:5      | Reached skill level 9 in Spellcasting
  5562 | D:6      | Noticed Sigmund
  5582 | D:6      | Reached XP level 9. HP: 63/63 MP: 19/22
  5586 | D:6      | Killed Sigmund
  5587 | D:6      | Reached skill level 10 in Spellcasting
  5644 | D:6      | Found a staircase to the Ecumenical Temple.
  5657 | Temple   | Entered the Ecumenical Temple
  6331 | D:6      | Found a shadowy altar of Dithmenos.
  6388 | D:6      | Reached skill level 1 in Dodging
  6388 | D:6      | Reached skill level 1 in Evocations
  6594 | D:6      | Reached skill level 1 in Armour
  6756 | D:6      | Noticed Duvessa
  6756 | D:6      | Noticed Dowan
  6762 | D:6      | Killed Duvessa
  6765 | D:6      | Killed Dowan
  7026 | D:6      | Found a runed translucent gate.
  7026 | D:6      | Found a runed translucent gate.
  7027 | D:6      | Found a runed translucent gate.
  7028 | D:6      | Noticed kal9871's ghost (novice FoAl)
  7028 | D:6      | Noticed Essalna's ghost (novice GrEE)
  7666 | D:7      | Found Lziuruupn's Luxury Loot.
  7675 | D:7      | Bought a book of Lightning for 432 gold pieces
  8173 | D:7      | Found a hazy altar of Hepliaklqana.
  8194 | D:7      | Reached skill level 1 in Throwing
  8308 | D:7      | Reached XP level 10. HP: 70/70 MP: 19/24
  8314 | D:7      | Learned a level 5 spell: Arcjolt
  8321 | D:7      | Learned a level 6 spell: Plasma Beam
  8728 | D:8      | Reached skill level 1 in Shields
  8846 | D:8      | Reached skill level 1 in Conjurations
  8846 | D:8      | Reached skill level 1 in Air Magic
  9669 | D:9      | Found a flagged portal.
  9734 | Bailey   | Entered a bailey
  9958 | Bailey   | Reached skill level 1 in Earth Magic
 10418 | Bailey   | Noticed an orc knight
 10495 | Bailey   | Killed an orc knight
 10786 | D:9      | Noticed an elephant
 10868 | D:9      | Noticed a two-headed ogre
 10872 | D:9      | Noticed Grum
 11045 | D:9      | Identified the +1 helmet of the Foremost Knaves {rCorr
                  | Slay+5}
 11058 | D:9      | Found a blossoming altar of Fedhas.
 11106 | D:9      | Found a stormy altar of Qazlal.
 11504 | D:9      | Killed a two-headed ogre
 11511 | D:9      | Killed Grum
 11512 | D:9      | Reached XP level 11. HP: 43/77 MP: 2/25
 11716 | D:9      | Found a staircase to the Lair.
 12179 | D:9      | Noticed a two-headed ogre
 12194 | D:9      | Killed a two-headed ogre
 12195 | D:9      | Reached skill level 11 in Spellcasting
 12347 | D:9      | Found a stormy altar of Qazlal.
 12354 | D:9      | Found a blossoming altar of Fedhas.
 12440 | D:9      | Found a staircase to the Lair.
 12964 | Lair:1   | Entered Level 1 of the Lair of Beasts
 13091 | Lair:1   | Found a runed translucent gate.
 13091 | Lair:1   | Found a runed translucent gate.
 13091 | Lair:1   | Found a runed translucent gate.
 13091 | Lair:1   | Noticed Gargoyl's ghost (journeyman GrBe)
 13293 | Lair:1   | Reached skill level 5 in Conjurations
 13293 | Lair:1   | Reached skill level 5 in Air Magic
 13293 | Lair:1   | HP: 1/77 [rime drake/icy flash freeze (22)]
 13766 | Lair:1   | Noticed a wolf spider
 13838 | Lair:1   | Slain by an elephant

Illustrated notes

Levels and vault maps discovered:
D:1:      minmay_arrival_shoal_huts, layout_basic, serial_bayou,
          serial_bayou_pond_e, serial_bayou_pond_d, serial_bayou_pond_b
D:2:      layout_basic
D:3:      layout_rooms, kennysheep_generic_room_14
D:4:      layout_gridville, kennysheep_little_box, uniq_pikel
D:5:      layout_basic
D:6:      layout_loops_corners, grunt_dithmenos_smoke,
          minmay_temple_entry_ruins, gammafunk_ghost_cemetery, uniq_sigmund,
          uniq_duvessa
D:7:      layout_gridville, lemuel_round_altar, nicolae_alphabet_shops
D:8:      layout_basic
D:9:      layout_loops_ring, grunt_temple_overflow_forces_of_nature,
          grunt_lair_entry_orc_guard_hut, enter_bailey_7, evilmike_minifort,
          uniq_grum
Temple:   nicolae_temple_superstar
Lair:1:   layout_misc_corridors, ebering_ghost_rock_garden, minmay_hedge_maze,
          nicolae_lair_run_with_the_wolves, lemuel_fruit_tree

Skill      XL: |  1  2  3  4  5  6  7  8  9 10 11 |
---------------+----------------------------------+-----
Spellcasting   | 2 4 7 9 10 11 | 11.5
Stealth        | 1 2 |  2.0
Fire Magic     | 3 4 5 7 9 |  9.8
Dodging        | 1 |  1.0
Evocations     | 3 |  3.0
Armour         | 1 |  1.0
Throwing       | 1 |  1.0
Shields        | 2 4 |  4.0
Conjurations   | 3 5 |  5.4
Air Magic      | 3 5 |  5.4
Earth Magic    | 2 3 |  3.0
Fighting       | 4 |  4.0
Polearms       | |  2.4

Action                     |  1- 3 |  4- 6 |  7- 9 | 10-12 || total
---------------------------+-------+-------+-------+-------++-------
  Melee: Spear             |   170 |    44 |     2 |   246 ||   462
         Punch             |     1 |       |       |       ||     1
  Throw: Stone             |       |       |     1 |     4 ||     5
   Cast: Scorch            |     5 |    38 |   165 |   273 ||   481
 Invoke: Fiery Armour      |       |     1 |     2 |     3 ||     6
         Foxfire Swarm     |       |     2 |     2 |       ||     4
  Evoke: Wand              |       |       |     3 |     5 ||     8
    Use: Scroll            |     2 |     5 |     1 |     6 ||    14
   Stab: Sleeping          |       |     1 |       |     1 ||     2
 Armour: Robe              |    90 |    42 |    60 |       ||   192
         Steam dragon scal |       |       |    12 |   270 ||   282
  Dodge: Dodged            |   100 |    29 |    76 |   350 ||   555
  Block: Buckler           |       |       |       |    86 ||    86

Table legend: (Time is in decaauts)
 A = Elapsed time spent in this place.
 B = Non-inter-level travel time spent in this place.
 C = Inter-level travel time spent in this place.
 D = Time resting spent in this place.
 E = Time spent auto-exploring this place.
 F = Levels seen in this place.
 G = Mean time per level.
                   A        B        C        D        E       F      G
               +--------+--------+--------+--------+--------+-----+--------+
         Total |  13855 |  13200 |    655 |    909 |   9872 |  12 | 1154.6 |
       Dungeon |  11811 |  11157 |    654 |    798 |   8580 |   9 | 1312.3 |
        Temple |    260 |    260 |      0 |      0 |    235 |   1 |  260.0 |
          Lair |    765 |    765 |      0 |     30 |    327 |   1 |  765.0 |
        Bailey |   1018 |   1018 |      0 |     81 |    730 |   1 | 1018.0 |
               +--------+--------+--------+--------+--------+-----+--------+

Top non-repeatable levels by time:
     D:9: 2232 daAuts
     D:4: 1523 daAuts
     D:7: 1469 daAuts
     D:6: 1463 daAuts
     D:5: 1417 daAuts
     D:8: 1219 daAuts
     D:2: 1093 daAuts
  Bailey: 1018 daAuts
  Lair:1: 765 daAuts
     D:3: 748 daAuts
     D:1: 642 daAuts
  Temple: 260 daAuts
